 Dungeon Crawl Stone Soup version 0.23.0 (webtiles) character file.

Game seed: 17566461617159602816

453 Mgcat the Skirmisher (level 7, -1/49 HPs)
             Began as a Halfling Fighter on Feb 14, 2019.
             Was a Follower of Okawaru.
             Slain by an orc warrior
             ... wielding a cursed -1 glaive
              (5 damage)
             ... on level 4 of the Dungeon.
             The game lasted 00:07:31 (3961 turns).

Mgcat the Skirmisher (Halfling Fighter)             Turns: 3961, Time: 00:07:32

Health: -1/49      AC: 14    Str: 19    XL:     7   Next: 26%
Magic:  7/9        EV: 10    Int:  6    God:    Okawaru [*.....]
Gold:   34         SH: 11    Dex: 14    Spells: 6/6 levels left

rFire    . . .     SeeInvis .   a - +0 war axe
rCold    . . .     Gourm    .   c - +0 shield
rNeg     . . .     Faith    .   t - +0 chain mail
rPois    .         Spirit   .   j - +2 helmet
rElec    .         Reflect  .   h - scarf {repulsion}
rCorr    .         Harm     .   (no gloves)
MR       .....     Rnd*Tele +   (no boots)
Stlth    ..........             (no amulet)
HPRegen  0.16/turn              l - ring of wizardry {Wiz+, !d}
MPRegen  0.11/turn              s - ring of teleportation {+/*tele, !d}

@: heroism, lightly drained, repel missiles
A: small, mutation resistance 1
a: Heroism, Renounce Religion


You were on level 4 of the Dungeon.
You worshipped Okawaru.
Okawaru was aware of your devotion.
You were not hungry.

You visited 1 branch of the dungeon, and saw 4 of its levels.
You also visited: Sewer.

You collected 131 gold pieces.
You spent 97 gold pieces at shops.

Inventory:

Hand Weapons
 a - a +0 war axe (weapon)
Missiles
 u - a throwing net {=f, !d}
Armour
 c - a +0 shield (worn)
 h - a scarf of repulsion (worn)
   (You found it on level 2 of the Dungeon)
 j - a +2 helmet (worn)
   (You found it on level 2 of the Dungeon)
 t - a +0 chain mail (worn)
   (You found it on level 3 of the Dungeon)
Jewellery
 l - a ring of wizardry (left hand) {Wiz+, !d}
   (You found it on level 2 of the Dungeon)
 s - a ring of teleportation (right hand) {+/*tele, !d}
   (You found it on level 2 of the Dungeon)
Wands
 k - a wand of iceblast (15)
   (You found it on level 3 of the Dungeon)
Scrolls
 m - a scroll of amnesia
 v - a scroll of remove curse
 w - a scroll of fog
 x - a scroll of teleportation
 y - a scroll of blinking {!r}
Potions
 b - a potion of brilliance {unknown}
 d - a potion of might
 e - a potion of ambrosia {unknown}
 g - 3 potions of agility {unknown}
 i - a potion of mutation {unknown}
 n - 7 potions of heal wounds {unknown}
 o - a potion of magic {unknown}
 p - a potion of resistance
 q - 5 potions of curing {unknown}
 r - 2 potions of flight {unknown}
Comestibles
 f - 7 rations
 z - a chunk of flesh {@w0}


   Skills:
 + Level 4.7(9.5) Fighting
 + Level 4.7(9.4) Axes
 - Level 3.2(8.0) Armour
 - Level 3.2(8.0) Shields
 + Level 3.6(3.4) Invocations


You had 6 spell levels left.
You didn't know any spells.
Your spell library contained the following spells:

 Spells                   Type           Power        Failure   Level  Hunger
 Magic Dart               Conj           #...         99%         1    ##.....
 Blink                    Tloc           N/A          100%        2    ###....
 Call Imp                 Summ           #.......     100%        2    ###....
 Slow                     Hex            #.......     100%        2    ###....
 Conjure Flame            Conj/Fire      #.......     100%        3    ####...
 Mephitic Cloud           Conj/Pois/Air  #.......     100%        3    ####...


Dungeon Overview and Level Annotations

Branches:
Dungeon (4/15)
 Temple: D:4-7

Altars:
Cheibriados
Fedhas
Makhleb
Okawaru
Qazlal

Shops:
D:4 ?


Innate Abilities, Weirdness & Mutations

You are small and have problems with some larger weapons.
You are somewhat resistant to further mutation.


Message History

You slash the hound!
The hound is heavily wounded.
Your shield and chain mail prevent you from hitting the orc.
The hound barely misses you. You block the hound's attack.
The orc hits you but does no damage.
Warning x2: The orc wizard might cast Slow, Confuse, Throw Flame, Throw Frost, or go Invisible!
The orc warrior can hit for high damage!
You barely miss the hound.
The hound is heavily wounded.
You closely miss the orc. The hound bites you.
The hound bites you but does no damage. You block the orc's attack.
The bullfrog skeleton hits you but does no damage.
The hound completely misses you.
You take 2 damage, and have 47/49 hp.
Warning x2: The orc wizard might cast Slow, Confuse, Throw Flame, Throw Frost, or go Invisible!
The orc warrior can hit for high damage!
You hit the hound.
The hound is severely wounded.
You hit the orc. You hit the bullfrog skeleton. The bullfrog skeleton hits you.
You block the orc's attack. The hound bites you.
The bullfrog skeleton hits you but does no damage.
The hound bites you but does no damage.
You take 3 damage, and have 44/49 hp.
Warning x2: The orc wizard might cast Slow, Confuse, Throw Flame, Throw Frost, or go Invisible!
The orc warrior can hit for high damage!
The orc wizard casts a spell.
The orc wizard seems to speed up.
The orc barely misses you.
Warning x2: The orc wizard might cast Slow, Confuse, Throw Flame, Throw Frost, or go Invisible!
The orc warrior can hit for high damage!
The bullfrog skeleton barely misses you.
The orc hits you from afar with a +0 trident.
You take 2 damage, and have 42/49 hp.
Warning x2: The orc wizard might cast Slow, Confuse, Throw Flame, Throw Frost, or go Invisible!
The orc warrior can hit for high damage!
Warning x2: The orc wizard might cast Slow, Confuse, Throw Flame, Throw Frost, or go Invisible!
The orc warrior can hit for high damage!
Warning x2: The orc wizard might cast Slow, Confuse, Throw Flame, Throw Frost, or go Invisible!
The orc warrior can hit for high damage!
The hound bites you.
You take 3 damage, and have 39/49 hp.
Warning x2: The orc wizard might cast Slow, Confuse, Throw Flame, Throw Frost, or go Invisible!
The orc warrior can hit for high damage!
The hound stops to sniff the ground.
The hound bites you but does no damage.
Warning x2: The orc wizard might cast Slow, Confuse, Throw Flame, Throw Frost, or go Invisible!
The orc warrior can hit for high damage!
You see here a +0 hand axe.
You hit the hound but do no damage.
The hound is severely wounded.
The hound barely misses you. The hound bites you but does no damage.
Warning x2: The orc wizard might cast Slow, Confuse, Throw Flame, Throw Frost, or go Invisible!
The orc warrior can hit for high damage!
You hit the hound.
The hound is almost dead.
You hit the orc warrior but do no damage.
The hound bites you. The hound bites you but does no damage.
The orc warrior hits you with a cursed -1 glaive.
You take 7 damage, and have 33/49 hp.
Spoiler Alert: The orc warrior can hit for high damage!
You barely miss the orc warrior. You closely miss the hound.
The hound bites you. The hound bites you but does no damage.
The orc warrior hits you with a cursed -1 glaive!
The orc wizard looks encouraged for a moment.
You take 12 damage, and have 21/49 hp.
MASSIVE DAMAGE!!
Warning x2: The orc wizard might cast Slow, Confuse, Throw Flame, Throw Frost, or go Invisible!
The orc warrior can hit for high damage!
You gain the combat prowess of a mighty hero.
The hound bites you.
The orc wizard casts a cantrip, but nothing happens.
The orc warrior hits you with a cursed -1 glaive!
* * * LOW HITPOINT WARNING * * *
You block the hound's attack.
You take 9 damage, and have 12/49 hp.
You now have 7/9 mp.
Spoiler Alert: The orc warrior can hit for high damage!
You hit the orc warrior.
The orc warrior is lightly wounded.
You slash the hound!
You kill the hound!
Okawaru accepts your kill. You block the orc's attack.
Spoiler Alert: The orc warrior can hit for high damage!
You barely miss the orc warrior.
The orc warrior is lightly wounded.
You slash the bullfrog skeleton! The bullfrog skeleton hits you.
* * * LOW HITPOINT WARNING * * *
You block the orc warrior's attack.
The bullfrog skeleton hits you but does no damage.
You block the orc's attack.
You take 1 damage, and have 11/49 hp.
Spoiler Alert: The orc warrior can hit for high damage!
You closely miss the orc warrior.
The orc warrior is lightly wounded.
You slash the bullfrog skeleton!
You block the bullfrog skeleton's attack.
The orc warrior hits you with a cursed -1 glaive!
* * * LOW HITPOINT WARNING * * *
You take 7 damage, and have 4/49 hp.
Spoiler Alert: The orc warrior can hit for high damage!
You slash the orc warrior!
The orc warrior is moderately wounded.
You slash the bullfrog skeleton!
You destroy the bullfrog skeleton!
Okawaru accepts your kill. The orc completely misses you.
Warning x2: The orc wizard might cast Slow, Confuse, Throw Flame, Throw Frost, or go Invisible!
The orc warrior can hit for high damage!
You slash the orc warrior!
The orc warrior is severely wounded.
You hit the orc wizard. You block the orc wizard's attack.
You block the orc's attack.
The orc warrior hits you with a cursed -1 glaive.
You die...

# .................# #
#.......#.#..##.#
#....##.#..##.# ######
#...o##.#..##.# .....#
####o##.#..##.# ####.#
.######.##.#..##.#
..............##.#
#.##..#o##o#.## .#
#.###...†@o#.# # #.#
#..###.#.# ##### #.#
##.≈..≈..# ##..# #.#
#...≈...# ##..# #.#
#..≈_.≈.# .#..# #.#
#.≈≈.≈.## ....#
#.#####≈.≈.≈###
.##.####.#.............
###......>......#######


You could see an orc warrior, an orc wizard and an orc.

Vanquished Creatures
  A phantom (D:4)
  A big kobold (Sewer)
  A hound (D:4)
  A bullfrog skeleton (D:4)
  6 adders
  8 river rats (Sewer)
  An ooze (D:3)
  2 adder skeletons (D:4)
  3 worms
  3 leopard geckos
  2 orcs (D:4)
  5 goblins
  10 hobgoblins
  7 jackals
  17 kobolds
  5 ball pythons
  6 bats
  3 frilled lizards
  21 rats
103 creatures vanquished.

Notes
Turn   | Place    | Note
-------+----------+-------------------------------------------
     0 | D:1      | Mgcat the Halfling Fighter began the quest for the Orb.
     0 | D:1      | Reached XP level 1. HP: 15/15 MP: 1/1
   121 | D:1      | Reached XP level 2. HP: 18/20 MP: 2/2
   137 | D:1      | Reached skill level 3 in Fighting
   393 | D:1      | Reached XP level 3. HP: 21/26 MP: 3/3
   741 | D:2      | Found a snail-covered altar of Cheibriados.
   989 | D:2      | Found an iron altar of Okawaru.
  1008 | D:2      | Became a worshipper of Warmaster Okawaru
  1361 | D:3      | Reached skill level 3 in Axes
  1599 | D:3      | Found a burning altar of Makhleb.
  1646 | D:3      | Found a glowing drain.
  1652 | D:3      | Reached XP level 4. HP: 27/31 MP: 4/4
  1662 | Sewer    | Entered a sewer
  1742 | Sewer    | Reached skill level 1 in Invocations
  1743 | Sewer    | HP: 7/33 [river rat (6)]
  1750 | Sewer    | HP: 5/33 [poisoned by an adder]
  1827 | Sewer    | Reached XP level 5. HP: 15/37 MP: 4/6
  2080 | Sewer    | Reached skill level 2 in Invocations
  2080 | Sewer    | HP: 9/37 [river rat (5)]
  2081 | Sewer    | Reached skill level 4 in Fighting
  2319 | Sewer    | Reached * piety under Okawaru
  2412 | Sewer    | Noticed a big kobold
  2414 | Sewer    | Reached XP level 6. HP: 43/43 MP: 7/7
  2432 | Sewer    | Reached skill level 4 in Axes
  3419 | D:4      | Found a blossoming altar of Fedhas.
  3421 | D:4      | Noticed an orc warrior
  3427 | D:4      | Reached skill level 3 in Invocations
  3663 | D:4      | Found a stormy altar of Qazlal.
  3730 | D:4      | Noticed a phantom
  3755 | D:4      | Killed a phantom
  3755 | D:4      | Reached XP level 7. HP: 31/49 MP: 9/9
  3829 | D:4      | Found Eliucac's Magic Scroll Shoppe.
  3838 | D:4      | Bought a scroll of blinking for 97 gold pieces
  3956 | D:4      | HP: 12/49 [orc warrior/cursed -1 glaive (7)]
  3959 | D:4      | HP: 4/49 [orc warrior/cursed -1 glaive (8)]
  3961 | D:4      | Slain by an orc warrior

Skill      XL: |  1  2  3  4  5  6 |
---------------+-------------------+-----
Fighting       | 3 4 |  4.7
Axes           | 3 4 |  4.7
Invocations    | 1 2 3 |  3.6
Armour         | |  3.2
Shields        | |  3.2

Action                   |  1- 3 |  4- 6 |  7- 9 || total
-------------------------+-------+-------+-------++-------
Melee: War axe           |   107 |   156 |    20 ||   283
Invok: Heroism           |       |       |     1 ||     1
Evoke: Wand              |       |     1 |       ||     1
  Use: Scroll            |     6 |     3 |     1 ||    10
  Eat: Chunk             |     2 |     7 |     1 ||    10
Armor: Scale mail        |    37 |       |       ||    37
       Chain mail        |    12 |   119 |    16 ||   147
Dodge: Dodged            |    41 |    47 |     8 ||    96
       Deflected         |     1 |     1 |       ||     2
Block: Shield            |    61 |    99 |    14 ||   174

Levels and vault maps discovered:
D:1:      lemuel_arrival_lava_pool, layout_basic, amethyst_killhole,
          hangedman_decor_growths
D:2:      layout_loops_cross, okawaru_ov_weapons_minmay, minivault_26,
          cheibriados_altar_1
D:3:      layout_basic, lemuel_round_altar, serial_curves, eino_curves_02,
          eino_curves_02, cheibrodos_sewer_entry_drain
D:4:      layout_loops_ring, nicolae_qazlal_style_of_elements, fedhas_altar_2,
          eat_drink_and_be_merry_uskayaw, serial_shops, shop, nzn_random_ring
Sewer:    sewer_minmay_treatment

Table legend:
 A = Turns spent in this place as a percentage of turns spent in the entire game.
 B = Non-inter-level travel turns spent in this place as a percentage of non-inter-level travel turns spent in the entire game.
 C = Inter-level travel turns spent in this place as a percentage of turns spent in this place.
 D = Turns resting spent in this place as a percentage of non-inter-level travel turns spent in this place.
 E = Turns spent auto-exploring this place as a percentage of non-inter-level travel turns spent in this place.
 F = Non-inter-level travel turns spent in this place divided by the number of levels of this place that you've seen.
                   A       B       C       D       E      F
               +-------+-------+-------+-------+-------+----------------------
         Total | 100.0 | 100.0 |   3.8 |  18.2 |  64.7 | 762.0
       Dungeon |  70.6 |  69.4 |   5.4 |   6.3 |  75.9 | 661.0
         Sewer |  29.4 |  30.6 |   0.0 |  45.3 |  39.4 | 1166.0
               +-------+-------+-------+-------+-------+----------------------

Table legend:
 A = Kills in this place as a percentage of kills in entire the game.
 B = Kills by you in this place as a percentage of kills by you in the entire game.
 C = Kills by friends in this place as a percentage of kills by friends in the entire game.
 D = Other kills in this place as a percentage of other kills in the entire game.
 E = Experience gained in this place as a percentage of experience gained in the entire game.
 F = Experience gained in this place divided by the number of levels of this place that you have seen.
                   A       B       C       D       E      F
               +-------+-------+-------+-------+-------+----------------------
         Total | 100.0 | 100.0 |   N/A |   N/A | 100.0 | 129.6
       Dungeon |  53.4 |  53.4 |   N/A |   N/A |  53.7 |  87.0
         Sewer |  46.6 |  46.6 |   N/A |   N/A |  46.3 | 300.0
               +-------+-------+-------+-------+-------+----------------------
